 Dungeon Crawl Stone Soup version 0.19.0-2-gae57169 (webtiles) character file.

604 Mesmaeker13 the Charlatan (level 7, -12/66 HPs)
             Began as a Deep Dwarf Fighter on Nov 3, 2016.
             Mangled by an ogre
             ... wielding a +0 giant spiked club
              (25 damage)
             ... on level 4 of the Dungeon.
             The game lasted 00:10:46 (3797 turns).

Mesmaeker13 the Charlatan (Deep Dwarf Fighter)      Turns: 3797, Time: 00:10:47

Health: -12/66     AC: 11    Str: 20    XL:     7   Next: 18%
Magic:  11/11      EV:  5    Int:  9    God:
Gold:   221        SH:  9    Dex: 13    Spells: 0 memorised, 6 levels left

rFire  . . .     SeeInvis .     t - +2 hand axe (chop)
rCold  . . .     Gourm    .     o - +1 chain mail
rNeg   . . .     Faith    .     c - +0 shield
rPois  .         Spirit   .     x - +0 helmet
rElec  .         Reflect  .     (no cloak)
rCorr  .         Harm     .     (no gloves)
MR     +....                    (no boots)
Stlth  ..........               (no amulet)
                                (no ring)
                                (no ring)

@: non-regenerating
A: damage resistance, recharge devices, sense surroundings 1, slow regeneration
3
a: Device Recharging


You were on level 4 of the Dungeon.
You were not hungry.

You visited 1 branch of the dungeon, and saw 4 of its levels.

You collected 221 gold pieces.

Inventory:

Hand Weapons
 a - a +0 war axe
 t - a +2 hand axe of chopping (weapon)
Missiles
 r - 16 poisoned needles
Armour
 c - a +0 shield (worn)
 o - a +1 chain mail (worn)
 x - a +0 helmet (worn)
Wands
 e - a wand of heal wounds (2/9)
Scrolls
 h - 2 scrolls of teleportation
 l - a scroll of enchant armour
 m - 2 scrolls of recharging
 n - 3 scrolls of noise
 p - a scroll of fog
 w - 3 scrolls of remove curse
Potions
 b - a potion of berserk rage {unknown}
 d - 2 potions of might
 i - 3 potions of curing {unknown}
 j - 3 potions of resistance {unknown}
 k - 2 potions of lignification {unknown}
 q - a potion of ambrosia {unknown}
 s - a potion of magic {unknown}
Comestibles
 f - 5 bread rations
 g - 4 fruits
 u - a meat ration
 v - a chunk of flesh


   Skills:
 + Level 4.7 Fighting
 + Level 5.4 Axes
 - Level 3.2 Armour
 - Level 3.2 Shields
 + Level 5.6 Evocations


You had 6 spell levels left.
You didn't know any spells.

Dungeon Overview and Level Annotations

Branches:
Dungeon (4/15)
 Temple: D:4-7

Altars:
Kikubaaqudgha
Trog
Yredelemnul


Innate Abilities, Weirdness & Mutations

You are resistant to damage.
You can recharge devices by infusing magical energy.
You passively map a small area around you.
You do not regenerate.


Message History

You kill the iguana!
You hit the ogre.
The ogre is moderately wounded.
The ogre hits you with a giant spiked club.
You barely miss the ogre.
The ogre is moderately wounded.
The ogre barely misses you.
You hit the ogre.
The ogre is moderately wounded.
The ogre hits you with a giant spiked club!
You slash the ogre!
The ogre is severely wounded.
You hit the ogre.
The ogre is almost dead.
The ogre hits you with a giant spiked club!!
* * * LOW HITPOINT WARNING * * *
You barely miss the ogre.
The ogre is almost dead.
The ogre hits you with a giant spiked club!!
You die...

###. ###[.. , .......
### * ....... #.., ,
, ....... #..* #+#
....... #.. #.#
,.........
#..###.###...........
#..O@._###...........
#..###.###...........
#..* #.# #.......>...
#..###'###.....######
#..............###...
#.######...........⌠.
#................#...
#########.....##.##..
##.....#..##..


You could see an ogre.

Vanquished Creatures
  A sky beast (D:3)
  A phantom (D:4)
  A scorpion (D:4)
  2 hounds
  An orc priest (D:3)
  A centaur skeleton (D:4)
  An iguana (D:4)
  A worker ant (D:4)
  Robin (D:2)
  A gnoll (D:1)
  5 adders
  7 worms
  3 leopard geckos
  11 orcs
  8 giant cockroaches
  14 goblins
  19 hobgoblins
  9 kobolds
  3 quokkas
  2 ball pythons (D:3)
  7 bats
  4 frilled lizards
  12 rats
115 creatures vanquished.

Notes
Turn   | Place    | Note
-------+----------+-------------------------------------------
     0 | D:1      | Mesmaeker13 the Deep Dwarf Fighter began the quest for the Orb.
     0 | D:1      | Reached XP level 1. HP: 20/20 MP: 1/1
   111 | D:1      | Reached skill level 1 in Evocations
   368 | D:1      | Reached XP level 2. HP: 21/27 MP: 1/3
   861 | D:2      | Reached XP level 3. HP: 16/33 MP: 4/4
  1344 | D:2      | Reached XP level 4. HP: 25/42 MP: 6/6
  1633 | D:2      | Noticed a moth of wrath
  1636 | D:2      | Found a bloodstained altar of Trog.
  2088 | D:3      | Noticed a sky beast
  2112 | D:3      | Killed a sky beast
  2112 | D:3      | Reached XP level 5. HP: 24/50 MP: 7/7
  2737 | D:3      | Noticed Robin
  2738 | D:3      | Reached XP level 6. HP: 21/57 MP: 9/9
  2746 | D:2      | Killed Robin
  3321 | D:4      | Reached skill level 5 in Evocations
  3475 | D:4      | Reached skill level 5 in Axes
  3490 | D:4      | Reached XP level 7. HP: 27/66 MP: 11/11
  3697 | D:4      | Found an ancient bone altar of Kikubaaqudgha.
  3762 | D:4      | Found a basalt altar of Yredelemnul.
  3797 | D:4      | Mangled by an ogre

Skill      XL: |  1  2  3  4  5  6 |
---------------+-------------------+-----
Evocations     | 1 2 3 4 5 |  5.6
Fighting       | 3 4 |  4.7
Axes           | 3 4 5 |  5.4
Armour         | |  3.2
Shields        | |  3.2

Action                   |  1- 3 |  4- 6 |  7- 9 || total
-------------------------+-------+-------+-------++-------
Melee: War axe           |   113 |   249 |       ||   362
       Hand axe          |       |    26 |    36 ||    62
Throw: Throwing net      |     1 |       |       ||     1
Evoke: Wand              |     1 |     3 |     2 ||     6
  Use: Scroll            |     2 |     4 |       ||     6
  Eat: Chunk             |     1 |     8 |     1 ||    10
Armor: Scale mail        |    17 |       |       ||    17
       Chain mail        |    25 |   137 |     8 ||   170
Dodge: Dodged            |    24 |    67 |     5 ||    96
Block: Shield            |    55 |   128 |    12 ||   195
